Unix NetHack Version 5.0.0-0 post-release - last build May 31 2026 23:59:36 (970b52f25bf058293b47ddfd14a1e40e571c508c,branch:main).

Game began 2026-06-08 13:40:41, ended 2026-06-08 13:45:49.

Drastanta, lawful male human Knight

                   ----
                  --..---
                  |.....|
                 --.G...--
                 .))...<...
                 -*h........
                --@u....^....
                -.%..  --- ...
                .---.       ...
                             ...
                              .-
                             ..-
                              ..
                              ...
                               ...
                                ..

Drastanta the Esquire    St:14 Dx:9 Co:11 In:8 Wi:16 Ch:18  Lawful
Dlvl:3  $:134 HP:0(27) Pw:19(19) AC:3  Xp:3 T:864 

Latest messages:
 The gnome lord hits!
 You hit the gnome lord.
 The saddled pony hits the gnome lord.
 The saddled pony misses the gnome lord.
 The gnome lord misses the saddled pony.
 The gnome lord hits!
 The saddled pony misses the gnome lord.
 The saddled pony misses the gnome lord.
 You kill the gnome lord!
 You kill the gnome!
 You see here a violet gem.
 You see here a gnome lord corpse.
 The gnome suddenly falls asleep!
 The gnome picks up a bow.
 The gnome picks up 3 arrows.
 You feel charismatic!
 The gnome wields a bow!
 The saddled pony misses the gnome.
 The saddled pony misses the gnome.
 The saddled pony misses the gnome.
 The saddled pony misses the gnome.
 The saddled pony misses the gnome.
 The saddled pony misses the gnome.
 The saddled pony hits the gnome.
 The saddled pony bites the gnome.
 The gnome wields 5 daggers!
 The daggers weld themselves to the gnome's hand!
 The gnome tries to wield a bow.
 The gnome's daggers are welded to her hand!
 The saddled pony hits the gnome.
 The saddled pony misses the gnome.
 The gnome thrusts one of her daggers at the saddled pony.
 The gnome hits the saddled pony.
 The saddled pony hits the gnome.
 The gnome is killed!
 The saddled pony picks up a gnome lord corpse.
 The gnome picks up 5 cursed daggers.
 You already found a monster.  Use 'm' prefix to force another search.
 You miss the dwarf.
 The gnome picks up a bow.
 The dwarf swings his pick-axe.
 The dwarf hits!
 You miss the dwarf.
 The saddled pony drops a gnome lord corpse.
 The gnome picks up 3 arrows.
 The dwarf swings his pick-axe.
 The dwarf hits!
 You die...
 Do you want your possessions identified? [ynq] (y) y
 Do you want to see your attributes? [ynq] (y) q

Inventory:
 Coins    ('$')
  $ - 134 gold pieces
 Weapons  (')')
  a - a corroded +1 long sword (weapon in right hand)
 Armor    ('[')
  d - an uncursed +0 helmet (being worn)
  f - an uncursed +0 pair of leather gloves (being worn)
  e - an uncursed +0 small shield (being worn)
  c - an uncursed +1 ring mail (being worn)
 Comestibles  ('%')
  g - 12 uncursed apples
  h - 11 uncursed carrots
  v - an uncursed food ration
 Scrolls  ('?')
  y - an uncursed scroll of amnesia
  t - an uncursed scroll of identify
 Potions  ('!')
  p - an uncursed potion of booze
  w - an uncursed potion of enlightenment
  o - an uncursed potion of gain ability
  u - an uncursed potion of gain energy
  i - a blessed potion of healing
  z - an uncursed potion of healing
  r - an uncursed potion of invisibility
  A - an uncursed potion of levitation
  q - a cursed potion of oil
 Wands    ('/')
  n - a wand of opening (0:8)
  l - a wand of speed monster (0:7)
 Tools    ('(')
  x - an uncursed tin whistle

Drastanta the Knight's attributes:

Background:
 You were an Esquire, a level 3 male human Knight.
 You were lawful, on a mission for Lugh
 who was opposed by Brigit (neutral) and Manannan Mac Lir (chaotic).
 You were right-handed.
 You were in the Gnomish Mines, on level 3.
 You entered the dungeon 864 turns ago.
 You had 65 experience points, 15 more were needed to attain level 4.

Basics:
 You had 0 out of 27 hit points.
 You had all 19 energy points (spell power).
 Your armor class was 3.
 Your wallet contained 134 zorkmids.
 Autopickup was on for '$' plus thrown.

Final Characteristics:
 Your strength was 14 (limit:18/100).
 Your dexterity was 9 (limit:18).
 Your constitution was 11 (limit:18).
 Your intelligence was 8 (limit:18).
 Your wisdom was 16 (limit:18).
 Your charisma was 18 (limit:18).

Final Status:
 You weren't hungry.
 You were unencumbered.
 You were wielding a long sword.
 You had basic skill with long sword.

Final Attributes:
 You were fervently aligned.
 You could jump.
 You were warded.
 Your spell casting was impaired by metallic armor.
 You are dead.

Miscellaneous:
 You didn't encounter any bones levels.
 Total elapsed playing time was 5 minutes and 8 seconds.

Major events:
 Turn
    1: Drastanta the lawful male human Knight entered the dungeon
  752: entered the Gnomish Mines
  838: attained the rank of Esquire (level 3)
  864: killed by a dwarf

Spells:
 Name                 Level Category     Fail Retention
 fireball               4   attack       100%  76%-100%
 charm monster          5   enchantment  100%  76%-100%
 force bolt             1   attack       100%  76%-100%

Skills:
 Fighting Skills
   bare handed combat [Unskilled]
   two weapon combat  [Unskilled]
   riding             [Basic]
 Weapon Skills
   dagger             [Unskilled]
   knife              [Unskilled]
   axe                [Unskilled]
   pick-axe           [Unskilled]
   short sword        [Unskilled]
   broadsword         [Unskilled]
   long sword         [Basic]
   two-handed sword   [Unskilled]
   saber              [Unskilled]
   club               [Unskilled]
   mace               [Unskilled]
   morning star       [Unskilled]
   flail              [Unskilled]
   hammer             [Unskilled]
   polearms           [Unskilled]
   spear              [Unskilled]
   trident            [Unskilled]
   lance              [Basic]
   bow                [Unskilled]
   crossbow           [Unskilled]
 Spellcasting Skills
   attack spells      [Unskilled]
   healing spells     [Unskilled]
   clerical spells    [Unskilled]

Voluntary challenges:
 Character rerolling was not enabled.
 You followed a strict vegan diet.
 You were an atheist.
 You never genocided any monsters.
 You never polymorphed an object.
 You never changed form.
 You used no wishes.
Achievements:
 You entered the Gnomish Mines.
 You attained the rank of Esquire.

 The Dungeons of Doom: levels 1 to 3
    Level 1:
    Level 2:
       A fountain.
       Stairs down to The Gnomish Mines.
    Level 3:
 The Gnomish Mines:
    Level 3: <- You were here.
       Final resting place for
          you, killed by a dwarf.


Vanquished creatures:
  a gnome leader
  a green mold
  5 gnomes
  a kobold
  4 goblins
  9 grid bugs
  2 lichens
  3 newts
26 creatures vanquished.

No species were genocided or became extinct.

Game over:
                       ----------
                      /          \
                     /    REST    \
                    /      IN      \
                   /     PEACE      \
                  /                  \
                  |    Drastanta     |
                  |      134 Au      |
                  |   killed by a    |
                  |      dwarf       |
                  |                  |
                  |                  |
                  |       2026       |
                 *|     *  *  *      | *
        _________)/\\_//(\/(/\)/\//\/|_)_______

Fare thee well Drastanta the Knight...

You died in The Gnomish Mines on dungeon level 3 with 481 points,
and 134 pieces of gold, after 864 moves.
You were level 3 with a maximum of 27 hit points when you died.

